 Dungeon Crawl Stone Soup version 0.16.1-51-g6203257 (webtiles) character file.

223 teebee the Skirmisher (level 6, 0/58 HPs)
             Began as a Hill Orc Fighter on July 30, 2015.
             Slain by a hobgoblin (5 damage)
             ... led by Robin
             ... on level 3 of the Dungeon.
             The game lasted 00:07:12 (2177 turns).

teebee the Skirmisher (Hill Orc Fighter)            Turns: 2177, Time: 00:07:12

Health: 0/58       AC: 10    Str: 20    XL:     6   Next: 0%
Magic:  6/6        EV:  7    Int:  8    God:
Gold:   188        SH:  0    Dex: 14    Spells: 0 memorised, 5 levels left

rFire  . . .     SeeInvis .     a - +0 long sword
rCold  + . .     Clarity  .     l - +1 chain mail
rNeg   . . .     SustAb   .     (no shield)
rPois  .         Gourm    .     (no helmet)
rElec  .         Spirit   .     (no cloak)
rCorr  .         Warding  .     (no gloves)
rMut   .         Stasis   .     (no boots)
MR     .....                    (no amulet)
Stlth  ..........               s - ring of protection from cold
                                o - +3 ring of dexterity

@: not resistant to hostile enchantments, extremely unstealthy
A: no striking features
a: no special abilities


You were on level 3 of the Dungeon.
You were not hungry.

You visited 1 branch of the dungeon, and saw 3 of its levels.

You collected 188 gold pieces.

Inventory:

Hand weapons
 a - a +0 long sword (weapon)
 r - a +0 spear
 w - a +0 mace of crushing
Armour
 b - a +0 scale mail
 c - a +0 shield
 l - a +1 chain mail (worn)
Jewellery
 o - a +3 ring of dexterity (left hand)
 s - a ring of protection from cold (right hand)
Scrolls
 f - a scroll of remove curse {unknown}
 h - a scroll of immolation {unknown}
 i - 2 scrolls of teleportation {unknown}
 j - 3 scrolls of magic mapping {unknown}
 k - a scroll of amnesia {unknown}
 m - 3 scrolls of enchant armour
 n - a scroll of random uselessness {unknown}
 t - 2 scrolls of identify
 u - a scroll of recharging {unknown}
 v - a scroll of blinking {unknown}
Comestibles
 d - 3 meat rations
 g - 3 bread rations
 p - 3 chunks of flesh
 q - a slice of pizza


   Skills:
 * Level 6.3 Fighting
 * Level 4.3 Long Blades
 - Level 3.2 Armour
 - Level 0.7 Dodging
 - Level 3.2 Shields


You had 5 spell levels left.
You didn't know any spells.

Dungeon Overview and Level Annotations

Branches:
Dungeon (3/15)

Altars:
Dithmenos
Fedhas
Makhleb

Annotations:
D:3 Robin


Message History

The hobgoblin hits you but does no damage.
The goblin hits you but does no damage.
The hobgoblin hits you but does no damage.
The goblin completely misses you.
You hit the goblin.
You kill the goblin!
You have reached level 6!
Your experience leads to an increase in your attributes!
Your base attributes are Str 20, Int 8, Dex 10.
Increase (S)trength, (I)ntelligence, or (D)exterity?
You feel agile.
The hobgoblin hits you but does no damage.
Robin roars a battlecry!
The goblins go into a battle-frenzy!
The hobgoblin hits you but does no damage. x2
Items here: ( )))) †† You hit the hobgoblin.
The hobgoblin is heavily wounded.
The hobgoblin hits you.
You die...

.............#
........##.).#
........#....#
........#....#######
#.#######...<......#
#.# #......###.# ..#
#......###.##### ..#
####...#........#
.## #).g#@# .#
..###...#g# ##
.........gS#
........gg#
#.........#
#.....[...#
..........
.......### ..._..#


You could see Robin, an adder, 2 hobgoblins and a goblin (frenzied).

Vanquished Creatures
  The ghost of MrGrieves the Twirler, an average DsGl (D:3)
  3 adders
  4 gnolls (D:3)
  2 worms (D:2)
  2 oozes
  A ball python (D:3)
  4 giant cockroaches
  7 hobgoblins
  2 quokkas
  9 bats
  A giant gecko (D:1)
  2 giant newts
  10 goblins
  5 jackals
  5 kobolds
  3 rats
61 creatures vanquished.

Notes
Turn   | Place    | Note
--------------------------------------------------------------
     0 | D:1      | teebee, the Hill Orc Fighter, began the quest for the Orb.
     0 | D:1      | Reached XP level 1. HP: 19/19 MP: 1/1
   101 | D:1      | Reached skill level 4 in Fighting
   260 | D:1      | Reached XP level 2. HP: 18/27 MP: 2/2
   918 | D:2      | Reached XP level 3. HP: 20/34 MP: 3/3
   942 | D:2      | Reached skill level 5 in Fighting
  1054 | D:2      | Reached XP level 4. HP: 9/42 MP: 4/4
  1146 | D:2      | Found a blossoming altar of Fedhas.
  1926 | D:3      | Noticed MrGrieves' ghost (average DsGl)
  1938 | D:3      | Killed MrGrieves' ghost
  1938 | D:3      | Reached XP level 5. HP: 28/50 MP: 5/5
  1951 | D:3      | Found a shadowy altar of Dithmenos.
  2039 | D:3      | Reached skill level 6 in Fighting
  2154 | D:3      | Noticed Robin
  2155 | D:3      | Found a burning altar of Makhleb.
  2175 | D:3      | Reached XP level 6. HP: 5/58 MP: 6/6
  2177 | D:3      | Slain by a hobgoblin

Action                   |  1- 3 |  4- 6 || total
-------------------------+-------+-------++-------
Melee: Long sword        |   126 |   120 ||   246
  Use: Potion            |       |     5 ||     5
       Scroll            |       |     3 ||     3
  Eat: Chunk             |     1 |     4 ||     5
